AoeStats
← Ponç IV d'Empúries

Arena

504248247Analyzed
4v4 RM · 27d ago on Sep 4, 2026· 44m 23s· 8 players
Game mode
Random Map
Map size
Large (8 player)
Population
200
Speed
Normal
Resources
Standard
Victory
Conquest
Starting age
Dark Age
Ending age
Imperial Age
RankedLock teamsTeams togetherTeam positionsShared explorationLock speedFull tech treeHidden civsTurbo modeCheats
Victory
Defeat
🇪🇸 Malay · Spain
1088
+9
🇪🇸 Saracens · Spain
1005
+13
🇪🇸 Slavs · Spain
924
+16
🇪🇸 Teutons · Spain
871
+18
🇨🇳 Spanish · China
986
-27
🇹🇷 Cumans · Türkiye
938
-14
🇮🇳 Burgundians · India
910
-13
🇹🇷 Mongols · Türkiye
885
-12
iamlegolas312
0:28 Loom
10:51 Feudal Age
9:17 Double-Bit Axe
12:27 Bow Saw
12:33 Gold Mining
13:20 Horse Collar
16:33 Heavy Plow
17:18 Stone Mining
18:05 Gold Shaft Mining
23:06 Castle Age
24:26 Wheelbarrow
24:25 Crop Rotation
27:47 Imperial Age
27:25 Burgundian Vineyards
27:33 Forging
27:29 Scale Barding Armor
26:48 Pikeman
27:56 Town Watch
29:00 Conscription
30:14 Iron Casting
29:36 Treadmill Crane
30:20 Caravan
31:18 Hand Cart
32:31 Blast Furnace
34:08 Chemistry
35:15 Scale Mail Armor
36:19 Elite Coustillier
37:23 Chain Barding Armor
37:47 Caravan
38:22 Husbandry
39:36 Two-Man Saw
39:24 Chain Mail Armor
40:40 Plate Barding Armor
40:37 Plate Mail Armor
41:15 Halberdier
42:30 Fletching
42:40 Padded Archer Armor
42:52 Burgundian Vineyards
42:18 Flemish Revolution
43:22 Bodkin Arrow
44:18 Leather Archer Armor
berkernirvana
0:31 Loom
12:15 Feudal Age
12:57 Double-Bit Axe
13:44 Horse Collar
26:57 Castle Age
26:49 Bloodlines
27:10 Scale Barding Armor
28:05 Bloodlines
30:46 Forging
33:08 Bow Saw
33:17 Gold Mining
34:36 Heavy Plow
35:17 Gold Shaft Mining
34:34 Stone Mining
36:11 Chain Barding Armor
36:28 Iron Casting
38:22 Wheelbarrow
37:32 Town Watch
37:51 Caravan
39:23 Hand Cart
早点碎觉不白给
0:30 Loom
12:44 Feudal Age
13:12 Town Watch
15:00 Horse Collar
25:30 Castle Age
24:05 Double-Bit Axe
27:11 Bow Saw
27:04 Heavy Plow
26:59 Gold Mining
32:30 Husbandry
32:40 Bloodlines
36:32 Pikeman
37:13 Squires
36:58 Arson
Fatih
12:28 Feudal Age
14:56 Wheelbarrow
14:59 Double-Bit Axe
14:56 Horse Collar
18:06 Castle Age
19:15 Heavy Plow
20:37 Bow Saw
21:17 Fervor
24:15 Gold Mining
24:15 Stone Mining
26:12 Loom
26:43 Hand Cart
26:14 Town Watch
26:56 Forging
26:51 Scale Barding Armor
29:17 Iron Casting
29:24 Husbandry
29:35 Bloodlines
30:43 Chain Barding Armor
32:25 Gold Shaft Mining
32:25 Stone Shaft Mining
35:51 Imperial Age
36:11 Padded Archer Armor
36:01 Fletching
38:13 Blast Furnace
37:30 Leather Archer Armor
36:37 Heavy Camel Rider
38:46 Nomads
38:09 Elite Mangudai
39:10 Conscription
39:26 Hoardings
40:58 Bodkin Arrow
42:06 Chemistry
41:27 Ballistics
41:13 Siege Engineers
41:19 Masonry
41:19 Fortified Wall
42:53 Parthian Tactics
42:34 Thumb Ring
41:51 Elite Skirmisher
42:35 Bracer
Ponç IV d'Empúries
8:16 Loom
11:43 Feudal Age
11:48 Feudal Age
16:13 Castle Age
15:10 Horse Collar
16:04 Double-Bit Axe
22:08 Wheelbarrow
24:03 Gold Mining
24:28 Bow Saw
25:59 Gold Shaft Mining
27:11 Hand Cart
29:57 Imperial Age
27:48 Stone Mining
28:11 Forging
28:29 Scale Barding Armor
28:51 Fortified Wall
29:50 Iron Casting
29:28 Heavy Plow
30:02 Masonry
30:05 Detinets
31:16 Bloodlines
31:06 Husbandry
32:46 Two-Man Saw
32:49 Fletching
33:00 Murder Holes
33:27 Ballistics
32:51 Pikeman
33:32 Squires
33:35 Scale Mail Armor
35:40 Light Cavalry
36:37 Padded Archer Armor
37:40 Blast Furnace
36:51 Halberdier
37:49 Chain Mail Armor
38:00 Hussar
40:10 Conscription
40:27 Hoardings
41:19 Elite Boyar
Padre Ataulfo Remy
11:27 Feudal Age
15:21 Castle Age
16:27 Double-Bit Axe
21:47 Forging
26:53 Wheelbarrow
26:03 Loom
27:55 Iron Casting
28:37 Hand Cart
34:09 Imperial Age
35:12 Chemistry
36:21 Bow Saw
36:00 Horse Collar
38:29 Heavy Plow
39:20 Elite Karambit Warrior
40:23 Conscription
42:40 Squires
42:26 Arson
43:43 Blast Furnace
_Panelló
12:05 Feudal Age
18:17 Castle Age
18:18 Horse Collar
18:26 Double-Bit Axe
20:20 Bow Saw
20:12 Heavy Plow
21:53 Loom
30:13 Imperial Age
28:47 Gold Mining
29:10 Scale Barding Armor
29:15 Forging
31:00 Chain Barding Armor
31:16 Iron Casting
30:57 Bloodlines
30:47 Husbandry
30:44 Heavy Camel Rider
32:26 Gold Shaft Mining
33:10 Plate Barding Armor
35:14 Blast Furnace
fredyyy
8:28 Loom
11:57 Feudal Age
13:21 Double-Bit Axe
18:51 Castle Age
17:18 Horse Collar
17:33 Gold Mining
19:54 Wheelbarrow
19:04 Town Watch
20:52 Bow Saw
21:50 Stone Mining
24:55 Heavy Plow
26:36 Hand Cart
27:38 Town Patrol
31:38 Imperial Age
29:57 Scale Barding Armor
29:53 Scale Mail Armor
30:03 Forging
32:17 Forging
32:23 Chain Mail Armor
33:16 Bloodlines
32:29 Cavalier
33:17 Squires
33:03 Gambesons
35:33 Chain Barding Armor
36:53 Pikeman
38:59 Stone Shaft Mining
39:35 Plate Barding Armor
39:31 Plate Mail Armor
39:49 Iron Casting
41:30 Plate Mail Armor
41:18 Paladin
43:29 Blast Furnace
45:04 Two-Man Saw
45:08 Conscription
44:09 Elite Teutonic Knight
Connection lost

Rejoining the realm…

Still unreachable

The connection could not be restored.

Session expired

The server has moved on; the page needs a fresh start.